AoeStats
← NDF

Arabia

503918919Analyzed
1v1 RM · 29d ago on Sep 3, 2026· 47m 51s· 2 players
Game mode
Random Map
Map size
Tiny (2 player)
Population
200
Speed
Normal
Resources
Standard
Victory
Conquest
Starting age
Dark Age
Ending age
Imperial Age
RankedLock teamsTeams togetherTeam positionsShared explorationLock speedFull tech treeHidden civsTurbo modeCheats
Victory
Defeat
🇦🇷 Teutons · Argentina
450
+14
🇺🇸 Britons · United States
412
-14
harperb09
13:39 Feudal Age
14:51 Double-Bit Axe
15:47 Wheelbarrow
14:58 Horse Collar
15:25 Gold Mining
15:25 Stone Mining
23:10 Castle Age
30:31 Fletching
30:42 Padded Archer Armor
30:43 Scale Mail Armor
30:48 Scale Barding Armor
NDF
3:35 Loom
14:21 Feudal Age
21:28 Castle Age
19:27 Double-Bit Axe
19:55 Horse Collar
20:13 Gold Mining
20:49 Forging
20:43 Padded Archer Armor
20:34 Fletching
20:53 Scale Mail Armor
21:48 Arson
22:06 Elite Skirmisher
22:56 Stone Mining
25:31 Bow Saw
27:05 Heavy Plow
31:16 Stone Shaft Mining
38:26 Bodkin Arrow
39:07 Iron Casting
38:39 Scale Barding Armor
41:41 Wheelbarrow
40:51 Town Watch
41:32 Chain Mail Armor
42:07 Bloodlines
43:06 Hand Cart
42:51 Town Patrol
45:47 Chain Barding Armor
45:43 Leather Archer Armor
49:43 Imperial Age
47:21 Crossbowman
Connection lost

Rejoining the realm…

Still unreachable

The connection could not be restored.

Session expired

The server has moved on; the page needs a fresh start.